 Dungeon Crawl Stone Soup version 0.20-a0-350-ga83eecc (webtiles) character file.

161895 junb69 the Peltast (level 17, -9/166 HPs)
             Began as a Deep Dwarf Fighter on Dec 24, 2016.
             Was the Champion of Makhleb.
             Mangled by a flail of draining (11 damage)
             ... on level 3 of the Elven Halls.
             The game lasted 01:28:38 (26138 turns).

junb69 the Peltast (Deep Dwarf Fighter)            Turns: 26138, Time: 01:28:39

Health: -9/166     AC: 27    Str: 27    XL:     17   Next: 21%
Magic:  16/16      EV: 21    Int: 12    God:    Makhleb [******]
Gold:   817        SH: 16    Dex: 19    Spells: 9/16 levels left

rFire  + + .     SeeInvis +     O - +7 scimitar (flame)
rCold  + . .     Gourm    .     m - +4 scale mail "Caparu" {rF++ Dex+3 Slay+2}
rNeg   + . .     Faith    +     h - +1 shield {AC+3}
rPois  .         Spirit   .     B - +2 helmet
rElec  .         Reflect  .     a - +2 cloak
rCorr  .         Harm     .     l - +2 pair of gloves {Str+3}
MR     ++...                    o - +2 pair of boots {run}
Stlth  ..........               y - amulet "Zaroulywk" {Faith rC+ Str+4}
                                C - +2 ring of evasion
                                w - ring of see invisible

@: corroded, non-regenerating, drained, quick
A: damage resistance, recharge devices, negative energy resistance 1, sense
surroundings 2, slow regeneration 3
a: Heal Wounds, Minor Destruction, Lesser Servant of Makhleb, Major Destruction,
Greater Servant of Makhleb, Renounce Religion


You were on level 3 of the Elven Halls.
You worshipped Makhleb.
Makhleb was exalted by your worship.
You were not hungry.

You visited 5 branches of the dungeon, and saw 27 of its levels.
You also visited: Labyrinth and Ossuary.

You collected 3092 gold pieces.
You spent 2275 gold pieces at shops.

Inventory:

Hand Weapons
 O - a +7 scimitar of flaming (weapon)
Armour
 a - a +2 cloak (worn)
 h - a +1 shield of protection (worn)
 l - a +2 pair of gloves of strength (worn)
 m - the +4 scale mail "Caparu" (worn) {rF++ Dex+3 Slay+2}
   (You bought it in a shop on level 2 of the Orcish Mines)

   It affects your dexterity (+3).
   It affects your accuracy and damage with ranged weapons and melee attacks
   (+2).
   It greatly protects you from fire.
 o - a +2 pair of boots of running (worn)
 B - a +2 helmet (worn)
Rods
 e - a +0 rod of inaccuracy (14/14)
   (You found it on level 6 of the Lair of Beasts)
Jewellery
 t - an uncursed ring of protection from fire
 w - a ring of see invisible (left hand)
 y - the amulet "Zaroulywk" (around neck) {Faith rC+ Str+4}
   (You found it in a labyrinth)

   [amulet of faith]

   It allows you to gain divine favour quickly.
   It affects your strength (+4).
   It protects you from cold.
 C - a +2 ring of evasion (right hand)
 P - an uncursed ring of poison resistance
 R - an uncursed ring of flight
 Z - an uncursed ring of protection from magic
Wands
 g - a wand of paralysis (14/24)
 J - a wand of digging (5/24)
 M - a wand of disintegration (10/24)
Scrolls
 n - 5 scrolls of enchant weapon
 q - 4 scrolls of recharging
 r - 14 scrolls of remove curse
 u - a scroll of teleportation
 z - 3 scrolls of fear
 A - a scroll of enchant armour
 F - 2 scrolls of brand weapon
 I - a scroll of blinking
 N - 5 scrolls of fog
Potions
 i - 4 potions of resistance
 j - 9 potions of heal wounds
 p - 2 potions of cancellation
 v - 11 potions of curing
 x - a potion of invisibility
 G - 3 potions of flight
 W - a potion of haste {unknown}
Comestibles
 b - 7 slices of pizza
 c - 3 chunks of flesh
 f - 14 bread rations
 s - 11 meat rations
 H - a beef jerky
 Q - 3 royal jellies


   Skills:
 - Level 14.2(13.5) Fighting
 - Level 14.4(13.7) Long Blades
 * Level 15.3(14.6) Armour
 - Level 11.6(10.9) Dodging
 * Level 16.0(15.2) Shields
 - Level 7.2(6.7) Invocations


You had 9 spell levels left.
You knew the following spells:

 Your Spells              Type           Power        Failure   Level  Hunger
a - Vampiric Draining     Necr           #.........   99%         3    ####...
b - Blink                 Tloc           N/A          85%         2    ###....
c - Repel Missiles        Chrm/Air       #.....       85%         2    ###....


Dungeon Overview and Level Annotations

Branches:
Dungeon (15/15)            Temple (1/1) D:7            Lair (6/6) D:10
 Shoals (0/4) Lair:2       Spider (0/4) Lair:3        Slime (0/5) Lair:5
    Orc (2/2) D:12            Elf (3/3) Orc:2        Vaults (0/5) D:14
 Depths (0/5) D:15

Altars:
Ashenzari
Cheibriados
Elyvilon
Fedhas
Gozag
Hepliaklqana
Makhleb
Qazlal
Sif Muna
Trog
Uskayaw
The Shining One
Beogh
Jiyva

Shops:
D:4 ?   D:6 *   D:8 *   D:13 (   D:15 ?   Orc:1 %   Orc:2 (:*[   Elf:2 *

Portals:
Trove: Elf:3 (lose all piety)

Annotations:
Lair:4 exclusion: oklob plant


Innate Abilities, Weirdness & Mutations

You are resistant to damage.
You can recharge devices by infusing magical energy.
You resist negative energy. (rN+)
You passively map the area around you.
You do not regenerate.


Message History

Unknown command.
You hit the deep elf sorcerer. You burn the deep elf sorcerer.
The deep elf sorcerer is heavily wounded.
The deep elf sorcerer mumbles some strange words.
The deep elf sorcerer seems to speed up.
Unknown command.
You slice the deep elf sorcerer!! You burn the deep elf sorcerer!
The deep elf sorcerer is almost dead.
You block the flail of draining's attack.
You block the deep elf sorcerer's attack.
The flail of draining completely misses you.
Your scale mail "Caparu" prevents you from hitting the deep elf sorcerer.
The deep elf sorcerer is almost dead.
The deep elf sorcerer points at you and mumbles some strange words.
The bolt of acid hits you!
* * * LOW HITPOINT WARNING * * *
You are splashed with acid!
The acid burns!
* * * LOW HITPOINT WARNING * * *
The flail of draining hits you!
You die...

...?..#...#..)#.....#...#
......#...#...#.....'...#
#'#####...#...#.....#...#
.)....... #...#.....#...#
......... #...#.....#...#
..........#...#.....#...#
###########...#####'#...#
.................e......#
.....^..........@)......#
.................(......
###############.########
# #... * # , ,, #..... ,
, # , ,, ,#......, , ,* #
*,, , * ##..### , , # * ,
... * , , # ,,, ,, , ⌠ *,
**, ,


You could see a deep elf sorcerer and a flail of draining.

Vanquished Creatures
  Rupert (Lair:3)
  A deep elf blademaster (Elf:2)
  3 deep elf sorcerers
  An orc warlord (Orc:2)
  The ghost of Barrydekale the Fencer, a journeyman MiBe of Trog (D:12)
  2 deep elf elementalists
  The ghost of ThermosAquaticus the Impaler, a journeyman MfSk of Okawaru (Lair:6)
  A stone giant (Orc:2)
  The ghost of ThermosAquaticus the Cleaver, a journeyman DDHu of Makhleb (Lair:6)
  4 deep elf demonologists (Elf:3)
  3 deep elf annihilators (Elf:3)
  A deep elf death mage (Elf:3)
  A yaktaur captain (D:15)
  A minotaur (Lab)
  3 ettins
  The ghost of snakesoul the Basher, a journeyman GrFi of Cheibriados (D:11)
  Harold (Lair:4)
  A rakshasa (D:13)
  3 deep elf high priests
  6 hydras
  A merfolk avatar (Lair:6)
  A ghost crab (shapeshifter) (D:15)
  4 centaur warriors (D:15)
  An ogre mage (D:15)
  5 tengu warriors
  19 dancing weapons
  11 two-headed ogres
  An orc high priest (Elf:1)
  Nergalle (D:12)
  12 deep elf knights
  A sea snake (Lair:6)
  A flayed ghost (D:10)
  A spriggan druid (Orc:2)
  6 unseen horrors
  8 deep elf archers
  5 orc knights
  2 wizards
  A harpy (Lair:6)
  42 deep elf magi
  13 cyclopes
  20 ugly things
  5 orc sorcerers
  A centaur zombie (D:13)
  A merfolk siren (Lair:2)
  3 manticores
  5 black mambas
  15 elephants
  A guardian serpent (shapeshifter) (Elf:2)
  10 spiny frogs
  A gargoyle (D:15)
  A torpor snail (Lair:5)
  A kobold demonologist (D:14)
  An efreet (D:15)
  7 komodo dragons
  7 rime drakes
  4 yaktaurs
  6 trolls
  A tengu conjurer (D:15)
  3 polar bears
  2 merfolk (Lair:2)
  16 slime creatures
  A blink frog (shapeshifter) (Elf:2)
  4 hornets
  2 wind drakes (Lair:6)
  A dream sheep (shapeshifter) (D:14)
  7 hippogriffs
  5 blink frogs (Lair:3)
  4 dream sheep (Lair:6)
  2 shadows
  An air elemental (Orc:2)
  A vampire (D:14)
  17 yaks
  5 fire bats (D:10)
  3 water elementals
  8 wraiths
  6 wyverns
  A human (D:11)
  4 basilisks
  A steam dragon (Lair:3)
  2 fire elementals
  2 hungry ghosts
  3 vampire mosquitoes (D:12)
  Menkaure (D:5)
  3 soldier ants
  4 wargs
  An acid dragon (D:12)
  14 water moccasins
  A floating eye (D:12)
  The ghost of wazuzu the Ogre Mage, an amateur OgWz of Vehumet (D:3)
  26 orc warriors
  5 porcupines
  An eye of draining (D:15)
  A black bear (Orc:2)
  An ice beast (D:10)
  2 phantoms
  10 sky beasts
  A necrophage (D:8)
  5 wolves
  10 centaurs
  10 ogres
  7 crocodiles
  8 big kobolds
  11 bullfrogs
  2 wyvern zombies
  2 earth elementals
  13 jellies
  A wyvern skeleton (D:12)
  A water moccasin skeleton (D:5)
  3 scorpions
  10 killer bees
  12 wights
  2 howler monkeys
  An electric eel (Lair:2)
  4 crimson imps
  A quasit (D:11)
  Crazy Yiuf (D:3)
  2 hounds
  14 orc priests
  11 orc wizards
  2 bullfrog skeletons
  4 centaur skeletons
  Jessica (D:3)
  Natasha (twice) (D:3)
  Ijyb (D:3)
  3 iguanas
  10 worker ants
  A killer bee zombie (D:8)
  A big kobold zombie (Ossuary)
  A hound skeleton (D:6)
  9 mummies
  17 gnolls
  A worker ant zombie (D:11)
  10 adders
  6 shadow imps
  An ooze (D:7)
  An adder skeleton (D:8)
  An adder zombie (D:7)
  3 worms
  A dart slug (D:5)
  A leopard gecko (D:1)
  97 orcs
  A ball python (D:6)
  5 giant cockroaches
  4 goblins
  6 hobgoblins
  3 jackals (D:1)
  7 quokkas
  16 bats
  2 frilled lizards
  A gnoll zombie (Ossuary)
  A goblin zombie (D:5)
  3 hobgoblin zombies (Ossuary)
  A jackal skeleton (D:5)
  A jackal zombie (D:5)
  25 kobolds
  2 kobold zombies (Ossuary)
  2 orc zombies
  A quokka zombie (D:8)
  10 rats
  A butterfly (Lair:2)
833 creatures vanquished.

Vanquished Creatures (others)
  A deep elf mage (Elf:2)
  An orc wizard (D:15)
  An orc (D:15)
  23 bushes (D:15)
  7 fungi
  14 plants
47 creatures vanquished.

Grand Total: 880 creatures vanquished

Notes
Turn   | Place    | Note
-------+----------+-------------------------------------------
     0 | D:1      | junb69 the Deep Dwarf Fighter began the quest for the Orb.
     0 | D:1      | Reached XP level 1. HP: 20/20 MP: 1/1
   315 | D:1      | Reached XP level 2. HP: 25/27 MP: 2/2
   926 | D:2      | Reached XP level 3. HP: 26/34 MP: 3/3
  1137 | D:2      | Found a white marble altar of Elyvilon.
  1138 | D:2      | Found a deep blue altar of Sif Muna.
  1660 | D:3      | Noticed Ijyb
  1831 | D:3      | Noticed Jessica
  1840 | D:3      | Noticed Natasha
  2071 | D:3      | Reached XP level 4. HP: 15/44 MP: 4/4
  2251 | D:3      | Killed Natasha
  2264 | D:3      | Killed Jessica
  2264 | D:3      | Reached XP level 5. HP: 47/50 MP: 4/4
  2269 | D:3      | Killed Ijyb
  2306 | D:3      | Noticed wazuzu's ghost (amateur OgWz)
  2327 | D:3      | Killed wazuzu's ghost
  2364 | D:3      | Reached XP level 6. HP: 55/58 MP: 5/5
  2456 | D:3      | Noticed Natasha
  2461 | D:3      | Killed Natasha
  2554 | D:3      | Found a runed door.
  2620 | D:3      | Reached skill level 5 in Long Blades
  2801 | D:3      | Noticed Crazy Yiuf
  2813 | D:3      | Killed Crazy Yiuf
  2813 | D:3      | Reached skill level 5 in Fighting
  3596 | D:4      | Reached XP level 7. HP: 42/67 MP: 5/5
  3988 | D:4      | Found Ydun's Magic Scroll Shoppe.
  3996 | D:4      | Bought a scroll of identify for 28 gold pieces
  4411 | D:5      | Entered Level 5 of the Dungeon
  4442 | D:5      | Found a sand-covered staircase.
  4452 | Ossuary  | Entered an ossuary
  5183 | D:5      | Noticed Menkaure
  5200 | D:5      | Killed Menkaure
  5206 | D:5      | Reached XP level 8. HP: 39/78 MP: 5/5
  6347 | D:6      | Found Gozag's Platinum Reserve.
  6437 | D:6      | Found an opulent altar of Gozag.
  6567 | D:7      | Learned a level 3 spell: Vampiric Draining
  6895 | D:7      | Found a staircase to the Ecumenical Temple.
  6904 | Temple   | Entered the Ecumenical Temple
  6942 | Temple   | Became a worshipper of Makhleb the Destroyer
  7028 | D:7      | Reached skill level 1 in Dodging
  7713 | D:8      | Reached skill level 5 in Armour
  7713 | D:8      | Gained mutation: You passively map the area around you. [Deep Dwarf growth]
  7713 | D:8      | Reached XP level 9. HP: 58/86 MP: 4/4
  7822 | D:8      | Found Noprapri's Assorted Antiques.
  7848 | D:8      | Bought a scroll of identify for 52 gold pieces
  7848 | D:8      | Bought a scroll of identify for 52 gold pieces
  7848 | D:8      | Bought an embroidered cloak for 273 gold pieces
  7991 | D:8      | Noticed a two-headed ogre
  8015 | D:8      | Killed a two-headed ogre
  8015 | D:8      | Reached skill level 5 in Dodging
  8068 | D:8      | Found a flagged portal.
  8374 | D:8      | Reached * piety under Makhleb
  8528 | D:9      | Noticed a troll
  8549 | D:9      | Killed a troll
  8567 | D:9      | Reached XP level 10. HP: 54/94 MP: 5/5
  8678 | D:9      | Noticed a two-headed ogre
  8689 | D:9      | Killed a two-headed ogre
  8689 | D:9      | Reached skill level 10 in Long Blades
  9336 | D:10     | Entered Level 10 of the Dungeon
  9435 | D:10     | Found a runed door.
  9439 | D:10     | Found a stormy altar of Qazlal.
  9466 | D:10     | Reached ** piety under Makhleb
  9489 | D:10     | Found a hide-covered altar of Uskayaw.
  9520 | D:10     | Found a snail-covered altar of Cheibriados.
  9563 | D:10     | Found a bloodstained altar of Trog.
  9603 | D:10     | Found a shattered altar of Ashenzari.
  9628 | D:10     | Found a hazy altar of Hepliaklqana.
 10131 | D:10     | Found a staircase to the Lair.
 10208 | D:10     | Noticed a flayed ghost
 10220 | D:10     | Killed a flayed ghost
 10220 | D:10     | Reached XP level 11. HP: 108/108 MP: 5/5
 10224 | D:10     | Got a scorched long sword
 10227 | D:10     | Identified the +2 long sword of Integrity {freeze, *Noise rN+ Str+4} (You found it on level 10 of the Dungeon)
 10300 | Lair:1   | Entered Level 1 of the Lair of Beasts
 10361 | Lair:1   | Reached skill level 10 in Fighting
 10476 | Lair:1   | Noticed a six-headed hydra
 10491 | Lair:1   | Killed a four-headed hydra
 11084 | Lair:2   | Reached *** piety under Makhleb
 11439 | Lair:2   | Found a staircase to the Shoals.
 11683 | Lair:3   | Noticed Rupert
 11716 | Lair:3   | Killed Rupert
 11716 | Lair:3   | Reached skill level 4 in Shields
 11861 | Lair:3   | Found a hole to the Spider Nest.
 12031 | Lair:3   | Reached skill level 5 in Shields
 12497 | Lair:4   | Noticed a four-headed hydra
 12573 | Lair:4   | Reached XP level 12. HP: 85/120 MP: 6/6
 12812 | Lair:4   | Reached skill level 6 in Shields
 13127 | Lair:4   | Reached skill level 7 in Shields
 13203 | Lair:4   | Noticed Harold
 13217 | Lair:4   | Killed Harold
 13273 | Lair:4   | Killed a one-headed hydra
 13445 | Lair:5   | Noticed a four-headed hydra
 13455 | Lair:4   | Reached skill level 10 in Armour
 13476 | Lair:4   | Reached **** piety under Makhleb
 13496 | Lair:5   | Killed a one-headed hydra
 13504 | Lair:5   | Reached skill level 8 in Shields
 13567 | Lair:5   | Found a staircase to the Slime Pits.
 13567 | Lair:5   | Found a viscous altar of Jiyva.
 13855 | Lair:5   | Reached skill level 10 in Dodging
 13874 | Lair:5   | Identified a +1 pair of boots of running (You found it on level 5 of the Lair of Beasts)
 14158 | Lair:6   | Entered Level 6 of the Lair of Beasts
 14160 | Lair:6   | Noticed a four-headed hydra
 14231 | Lair:6   | Reached skill level 1 in Invocations
 14236 | Lair:6   | Found a labyrinth entrance.
 14243 | Lab      | Entered a labyrinth
 14357 | Lab      | Noticed a minotaur
 14371 | Lab      | Killed a minotaur
 14371 | Lab      | Reached XP level 13. HP: 125/127 MP: 6/8
 14384 | Lab      | Got an ancient garnet amulet
 14384 | Lab      | Got a faintly glowing graven amulet
 14387 | Lab      | Identified the amulet "Kaenouxt" {Inacc rF+} (You found it in a labyrinth)
 14389 | Lab      | Identified the amulet "Zaroulywk" {Faith rC+ Str+4} (You found it in a labyrinth)
 14404 | Lab      | Got a faintly humming plate armour
 14429 | Lab      | Identified the cursed +0 plate armour "Cuaneh" {Dex+3 Stlth+} (You found it in a labyrinth)
 14648 | Lair:6   | Reached skill level 9 in Shields
 14723 | Lair:6   | Reached skill level 5 in Invocations
 14774 | Lair:6   | Reached ***** piety under Makhleb
 14860 | Lair:6   | Noticed ThermosAquaticus's ghost (journeyman DDHu)
 14893 | Lair:6   | Killed ThermosAquaticus's ghost
 14893 | Lair:6   | Reached skill level 10 in Shields
 15219 | Lair:6   | Reached skill level 11 in Shields
 15706 | Lair:6   | Noticed ThermosAquaticus's ghost (journeyman MfSk)
 15757 | Lair:6   | Killed ThermosAquaticus's ghost
 16053 | D:11     | Noticed snakesoul's ghost (journeyman GrFi)
 16324 | D:11     | Killed snakesoul's ghost
 16843 | D:11     | Identified a scroll of acquirement
 16927 | D:12     | Gained mutation: You resist negative energy. (rN+) [Deep Dwarf growth]
 16927 | D:12     | Reached XP level 14. HP: 135/135 MP: 13/13
 17095 | D:12     | Noticed Nergalle
 17108 | D:12     | Killed Nergalle
 17180 | D:12     | Found a staircase to the Orcish Mines.
 17272 | D:12     | Noticed Barrydekale's ghost (journeyman MiBe)
 17299 | D:12     | Killed Barrydekale's ghost
 17442 | D:12     | Paralysed by a floating eye for 2 turns
 17450 | D:12     | Paralysed by a floating eye for 2 turns
 17458 | D:12     | Paralysed by a floating eye for 2 turns
 17467 | D:12     | Paralysed by a floating eye for 2 turns
 17479 | D:12     | Reached ****** piety under Makhleb
 17615 | D:12     | Learned a level 2 spell: Blink
 17618 | D:12     | Learned a level 2 spell: Repel Missiles
 17944 | Orc:1    | Entered Level 1 of the Orcish Mines
 17944 | Orc:1    | Found Damy's Food Shoppe.
 18556 | Orc:1    | Found a roughly hewn altar of Beogh.
 18684 | Orc:2    | Entered Level 2 of the Orcish Mines
 18707 | Orc:1    | Reached skill level 12 in Shields
 18715 | Orc:2    | Found Imatis's Antique Armour Shop.
 18742 | Orc:2    | Paralysed by an orc sorcerer for 7 turns
 19059 | Orc:2    | Found Luar's General Store.
 19063 | Orc:2    | Noticed a stone giant
 19165 | Orc:2    | Found Tumuxzut's Book Shoppe.
 19186 | Orc:2    | Killed a stone giant
 19271 | Orc:2    | Noticed an orc warlord
 19294 | Orc:2    | Killed an orc warlord
 19448 | Orc:2    | Found Meonluwk's Antique Weapon Boutique.
 19538 | Orc:2    | Found a staircase to the Elven Halls.
 19678 | Orc:2    | Bought a runed shield for 241 gold pieces
 19722 | Orc:2    | Bought the +4 scale mail "Caparu" {rF++ Dex+3 Slay+2} for 1137 gold pieces
 19807 | Orc:2    | Bought a scroll of identify for 36 gold pieces
 19842 | Orc:2    | Bought a shiny helmet for 241 gold pieces
 20286 | D:13     | Found Tejiudob's Antique Weapon Boutique.
 20411 | D:13     | Reached XP level 15. HP: 129/146 MP: 14/14
 21675 | D:14     | Found a gate to the Vaults.
 21864 | D:15     | Entered Level 15 of the Dungeon
 21990 | D:15     | Found a staircase to the Depths.
 22412 | D:15     | Found a viscous altar of Jiyva.
 22463 | D:15     | Found Foigul's Magic Scroll Boutique.
 22469 | D:15     | Bought a scroll of identify for 26 gold pieces
 22469 | D:15     | Bought a scroll of identify for 26 gold pieces
 22469 | D:15     | Bought a scroll of identify for 26 gold pieces
 22469 | D:15     | Identified a +0 rod of inaccuracy (14/14) (You found it on level 6 of the Lair of Beasts)
 22470 | D:15     | Identified a +0 rod of inaccuracy (9/13) (You took it off a tengu warrior on level 15 of the Dungeon)
 22471 | D:15     | Identified a +0 rod of inaccuracy (12/12) (You found it in a labyrinth)
 22476 | D:15     | Bought a scroll of identify for 26 gold pieces
 22476 | D:15     | Bought a scroll of identify for 26 gold pieces
 23073 | D:15     | Reached skill level 13 in Shields
 23179 | Elf:1    | Entered Level 1 of the Elven Halls
 23346 | Elf:1    | Reached XP level 16. HP: 159/159 MP: 15/15
 23685 | Elf:1    | Identified the Volume of Enchanting Transmutation
 24230 | Elf:2    | Found Apsifuim's General Store.
 24239 | Elf:2    | Reached skill level 14 in Shields
 24245 | Elf:2    | Bought a potion of heal wounds for 85 gold pieces
 24572 | Elf:2    | Found a runed gate.
 24572 | Elf:2    | Found a runed gate.
 24576 | Elf:2    | Found a runed gate.
 24976 | Elf:2    | Reached skill level 15 in Shields
 25093 | Elf:2    | Noticed a deep elf blademaster
 25102 | Elf:2    | Killed a deep elf blademaster
 25242 | Elf:3    | Entered Level 3 of the Elven Halls
 25572 | Elf:3    | Noticed a Brimstone Fiend
 25640 | Elf:3    | Found a portal to a secret trove of treasure.
 25669 | Elf:3    | Reached XP level 17. HP: 154/166 MP: 16/16
 25873 | Elf:3    | Reached skill level 15 in Armour
 25914 | Elf:3    | Noticed a Tzitzimitl
 26131 | Elf:3    | Reached skill level 16 in Shields
 26138 | Elf:3    | HP: 2/166 [acid (9)]
 26138 | Elf:3    | Mangled by a flail of draining

Vault maps used:
D:1:      dpeg_arrival_stonehenge_12_columns
D:2:      gammafunk_temple_overflow_statue, serial_forest,
          infiniplex_forest_straight_2, infiniplex_forest_clump_medium,
          infiniplex_forest_straight_2, infiniplex_forest_zigzag_2,
          infiniplex_forest_clump_cross, infiniplex_forest_clump_medium,
          infiniplex_forest_lined_1, infiniplex_forest_clump_tiny,
          infiniplex_forest_clump_small
D:3:      minivault_25, uniq_crazy_yiuf_cottage, uniq_iyjb, uniq_natasha,
          uniq_jessica
D:4:      serial_shops, nicolae_shop_stone
D:5:      first_bread, nicolae_ossuary_entry_giza, uniq_menkaure
D:6:      nicolae_gozag_zags_fifth_avenue
D:8:      enter_bailey_8, serial_shops, shop
D:10:     due_megacathedral, lair_entry_dummy
D:11:     grunt_pizzeria
D:12:     hiddenorc1_lemuel, serial_column_ruins, column_ruins_grid_2,
          column_ruins_columns_straight, column_ruins_corridor_straight,
          column_ruins_columns_straight, column_ruins_open_small,
          onia_ninara_cookie, uniq_nergalle
D:13:     serial_shops, shop
D:14:     hangedman_vaults_entry_quadrant_bands
D:15:     grunt_enter_depths_snipers, serial_park_paths, serial_shops, shop,
          jiyva_altar_1
Temple:   dpeg_five_rooms_temple
Lair:1:   grunt_megastairs_2, lemuel_fruit_fields
Lair:2:   elwin_shoals_entry_rooms, nicolae_quartered_pool_little
Lair:3:   dummy_spider_entry, hangedman_lair_unloving_vines,
          infiniplex_staircase_pool, uniq_rupert
Lair:4:   serial_bayou_shore_b, grunt_megastairs_3, minmay_lair_oklob_chamber,
          uniq_harold
Lair:5:   slime_altar_1
Lair:6:   gammafunk_lair_ancient_temple, lab_entry_generic
Orc:1:    serial_shops, shop, mines2_david
Orc:2:    grunt_orc_gardens, grunt_orc_garden, grunt_orc_garden,
          grunt_orc_garden, grunt_orc_garden
Elf:1:    hangedman_elf_represent, minivault_25, kilobyte_rumbling_trees
Elf:2:    serial_shops, nicolae_shop_crystal, grunt_ministairs_5
Elf:3:    minmay_elf_hall_curves, enter_trove_6
Lab:      labyrinth_green, nicolae_lab_hexagon, nicolae_lab_checkerboard
Ossuary:  ossuary_tomb_3

Skill      XL: |  1  2  3  4  5  6  7  8  9 10 11 12 13 14 15 16 17 |
---------------+----------------------------------------------------+-----
Fighting       | 3 4 5 6 7 9 11 12 14 | 14.2
Long Blades    | 3 4 5 6 7 9 11 12 14 | 14.4
Dodging        | 3 6 7 10 11 | 11.6
Armour         | 5 7 8 10 12 14 15 | 15.3
Shields        | 5 8 11 12 13 15 16 | 16.0
Invocations    | 2 7 |  7.2

Action                   |  1- 3 |  4- 6 |  7- 9 | 10-12 | 13-15 | 16-18 || total
-------------------------+-------+-------+-------+-------+-------+-------++-------
Melee: Long sword        |   159 |   144 |   431 |       |       |       ||   734
       Scimitar          |       |       |   113 |   601 |  1435 |   462 ||  2611
Invok: Lesser Servant of |       |       |       |       |     4 |     1 ||     5
 Abil: Heal Wounds       |       |     5 |    10 |     1 |     1 |       ||    17
Evoke: Wand              |       |       |    12 |     7 |     7 |       ||    26
  Use: Scroll            |     1 |     4 |    13 |    18 |    18 |     2 ||    56
       Potion            |       |     1 |       |     2 |     6 |     1 ||    10
 Stab: Confused          |       |       |     3 |       |       |       ||     3
  Eat: Chunk             |     4 |     5 |     9 |    19 |    20 |     6 ||    63
       Fruit             |       |       |     6 |       |    15 |       ||    21
       Beef jerky        |       |       |     3 |       |       |     1 ||     4
       Pizza             |       |       |       |       |     1 |       ||     1
Armor: Scale mail        |    90 |    51 |   155 |   164 |   133 |    88 ||   681
       Plate armour      |       |       |       |       |   249 |       ||   249
Dodge: Dodged            |    50 |    34 |   170 |   260 |   618 |   164 ||  1296
Block: Shield            |    77 |    63 |   222 |   285 |   914 |   214 ||  1775
       Rpst.: Long sword |    17 |    10 |    36 |       |       |       ||    63
       Scimitar          |       |       |    20 |    43 |   136 |    45 ||   244
